Map: Romanticide LE

Players

TYTY (TY) - Winner!

  • Race: Terran Terran
  • League: Grandmaster
  • Spawn Location: 5:00

Nice

  • Race: Protoss Protoss
  • Spawn Location: 11:00

Event: DreamHack SC2 Masters 2020 Winter

VOD

Have the link to the VOD?

Description

Time

  • Played on: Nov. 13, 2020, 8:34 a.m.
  • Length: 16:37

All games in this series

Show
View Real Time Build Order
Export as new Build Order

TYTY Terran - Winner!

Build Orders: Gas First Reaper Expand 

Get SALT Encoding   

  12  0:00  SCV  
  13  0:12  SCV  
  14  0:18  Supply Depot  
  14  0:24  SCV  
  14  0:28  Refinery  
  15  0:40  SCV  
  16  0:44  Barracks  
  16  0:52  SCV  
  18  1:04  SCV  
  18  1:16  SCV  
  19  1:32  Orbital Command  
  19  1:33  Reaper  
  20  1:45  Command Center  
  20  1:55  Factory  
  20  1:59  SCV  
  21  2:07  Supply Depot  
  21  2:12  Barracks Reactor  
  21  2:14  SCV  
  22  2:26  SCV  
  23  2:38  SCV  
  24  2:46  Hellion  
  24  2:48  Marine x2  
  24  2:49  Starport  
  24  2:50  SCV  
  29  2:57  Orbital Command  
  29  3:02  SCV  
  30  3:06  Marine x2  
  30  3:07  Hellion  
  34  3:14  SCV  
  34  3:18  Orbital Command  
  35  3:23  Marine  
  35  3:24  Marine  
  35  3:26  Medivac  
  39  3:29  Hellion  
  41  3:36  Supply Depot  
  41  3:41  Marine  
  41  3:42  Marine  
  41  3:44  SCV  
  43  3:52  SCV  
  44  3:59  Marine, Factory Tech Lab  
  44  4:00  Marine, SCV  
  45  4:04  SCV  
  46  4:11  Refinery  
  46  4:12  SCV  
  46  4:13  Refinery, Starport Tech Lab  
  46  4:16  Supply Depot, SCV  
  48  4:17  Marine x2  
  50  4:24  SCV  
  50  4:28  SCV  
  52  4:35  Marine x2  
  52  4:38  SCV, Banshee  
  58  4:40  SCV  
  59  4:46  Siege Tank  
  61  4:52  Marine  
  62  5:00  Marine  
  62  5:03  Supply Depot  
  62  5:06  Supply Depot  
  61  5:10  Marine  
  61  5:11  Command Center  
  61  5:12  SCV  
  61  5:14  Bunker  
  53  5:17  Marine  
  53  5:18  Siege Tank  
  59  5:23  SCV  
  59  5:24  Raven  
  59  5:25  SCV  
  59  5:28  Marine  
  60  5:35  SCV, Marine  
  62  5:37  SCV  
  62  5:42  Barracks  
  63  5:43  Barracks  
  63  5:46  Marine  
  63  5:47  SCV  
  64  5:50  Siege Tank  
  64  5:51  SCV  
  64  5:53  Marine  
  69  5:59  SCV  
  69  6:03  SCV  
  69  6:04  Marine  
  71  6:10  Barracks  
  71  6:11  Marine, Barracks, SCV  
  72  6:16  SCV  
  75  6:21  Marine, Engineering Bay  
  75  6:22  Supply Depot  
  75  6:24  SCV, Engineering Bay  
  77  6:29  Orbital Command  
  77  6:35  Marine  
  77  6:38  Stimpack  
  77  6:39  Marine, Starport Reactor  
  80  6:44  Marauder, Factory Reactor  
  80  6:45  Combat Shield  
  81  6:51  Supply Depot, Terran Infantry Weapons Level 1  
  81  6:53  Marauder  
  81  6:54  Marine, Terran Infantry Armor Level 1  
  84  6:57  SCV, Marine x3  
  88  7:05  Marine  
  91  7:11  Marine  
  91  7:13  Supply Depot  
  91  7:14  Supply Depot, Marine  
  91  7:15  Marine, Medivac x2  
  94  7:18  Marine  
  94  7:20  SCV x3  
  94  7:22  Marine  
  99  7:27  Barracks Tech Lab  
  99  7:29  Marine  
  100  7:32  Marine, Refinery  
  100  7:33  Marine  
  100  7:35  Missile Turret  
  103  7:39  Missile Turret  
  103  7:45  Medivac x2  
  103  7:50  Marine  
  104  7:51  Marauder  
  104  7:52  Marauder x2, Marine  
  104  7:55  SCV x2, Orbital Command, Supply Depot  
  104  7:58  Supply Depot  
  113  7:59  Marine x2  
  115  8:07  Concussive Shells  
  115  8:08  Marine  
  115  8:10  Marine  
  115  8:12  Marine  
  115  8:13  Marauder x2  
  115  8:15  SCV x2  
  115  8:17  Marine x2  
  115  8:19  Armory  
  124  8:21  SCV  
  122  8:27  SCV  
  122  8:32  SCV  
  122  8:33  Marine x2, SCV  
  127  8:38  Marine x2  
  128  8:45  Marauder x2, Supply Depot  
  128  8:46  Missile Turret, Marauder  
  128  8:47  Ghost Academy  
  134  8:51  Medivac x2  
  134  8:53  Marine  
  134  8:54  Marine  
  134  8:55  SCV  
  141  9:03  SCV  
  141  9:04  Supply Depot  
  141  9:05  Supply Depot  
  141  9:06  SCV  
  141  9:07  SCV, Supply Depot  
  141  9:09  Supply Depot  
  142  9:17  Marine  
  142  9:18  Marine  
  144  9:30  SCV  
  144  9:31  SCV  
  148  9:32  Refinery  
  148  9:33  Refinery  
  148  9:38  Marine x2  
  150  9:40  Command Center  
  150  9:41  Marine x2  
  150  9:43  SCV x2  
  154  9:47  Terran Infantry Weapons Level 2  
  154  9:55  Marine  
  154  9:56  Marine  
  154  9:57  Marine, Unknown x3  
  157  10:11  Viking x2  
  157  10:13  Marine x2  
  151  10:17  Terran Infantry Armor Level 2  
  151  10:20  SCV x3  
  151  10:21  Barracks x2  
  154  10:23  Barracks  
  154  10:27  Unknown  
  154  10:31  Missile Turret, Sensor Tower  
  154  10:33  Marauder x3  
  160  10:37  SCV x3  
  160  10:40  Factory Reactor  
  160  10:42  Viking  
  165  10:46  Viking  
  167  10:51  SCV x3  
  167  10:54  Marine x2  
  172  10:57  Marine x3  
  172  11:03  SCV  
  176  11:11  Marauder x2, Missile Turret  
  180  11:12  Barracks Tech Lab  
  180  11:16  Marauder  
  182  11:20  Barracks Tech Lab x2  
  182  11:22  Marine  
  183  11:28  Planetary Fortress  
  185  11:41  Marauder  
  185  11:42  Marine x4  
  195  11:55  Barracks Reactor  
  195  11:56  Medivac  
  195  12:00  Unknown  
  196  12:04  Supply Depot  
  196  12:06  Marine x2  
  196  12:12  Sensor Tower  
  196  12:14  Unknown x2  
  196  12:26  Medivac, Marauder  
  196  12:28  Marine  
  200  12:30  Marine x2  
  200  12:44  Marauder, Command Center  
  200  12:45  Command Center  
  200  12:46  Marine  
  200  12:47  Marine x3  
  200  12:48  Widow Mine x2, Marine x2  
  200  12:49  Medivac  
  194  12:51  Marauder x2, Marine x2  
  194  12:54  Enhanced Shockwaves  
  194  12:56  Medivac  
  198  13:04  SCV x3, Marine  
  198  13:05  Marine x2  
  196  13:06  Marauder x2  
  196  13:08  SCV  
  191  13:15  Marauder x2  
  196  13:22  Medivac  
  196  13:23  Marine x2  
  196  13:24  Terran Infantry Armor Level 3, Terran Infantry Weapons Level 3  
  199  13:37  Marine  
  196  13:52  Marauder x2  
  200  13:56  Barracks  
  200  13:58  Barracks  
  200  13:59  Orbital Command  
  200  14:08  Marauder  
  200  14:09  Marauder  
  199  14:13  Personal Cloaking  
  199  14:16  Marauder  
  199  14:18  Missile Turret, Marine  
  199  14:19  Marine x3  
  199  14:30  Marine x2, Marauder  
  199  14:31  Marauder  
  200  14:33  Marine  
  192  14:52  Planetary Fortress  
  189  14:54  Barracks Reactor  
  189  14:59  Missile Turret  
  189  15:02  Marine x3, Marauder x2  
  189  15:05  Marauder x2  
  200  15:18  Marauder x2  
  187  15:31  Starport  
  187  15:33  Marine x3, Marauder x2  
  187  15:34  Marauder  
  187  15:35  Viking  
  187  15:36  Viking  
  187  15:37  Marine x2  
  187  15:38  Marauder  
  187  15:39  Marauder  
  187  15:43  Marine  
  187  15:44  Marine, Marauder  
  187  15:46  Widow Mine x2  
  195  15:52  Marine x2, Refinery x2  
  195  15:55  Marauder  
  191  16:11  Marauder x2  
  185  16:12  Marine x4  
  185  16:14  Marine  
  185  16:15  Marine x2  
  181  16:19  Marine  
Show
View Real Time Build Order
Export as new Build Order

Nice Protoss 

Build Orders: Blink Stalkers 

Get SALT Encoding   

  12  0:00  Probe  
  13  0:12  Probe  
  14  0:18  Pylon  
  14  0:24  Probe (Chrono Boost)  
  15  0:37  Probe (Chrono Boost)  
  15  0:39  Gateway  
  16  0:44  Probe (Chrono Boost)  
  17  0:50  Assimilator  
  17  0:51  Probe  
  18  0:59  Assimilator  
  18  1:03  Probe  
  19  1:15  Probe  
  20  1:26  Cybernetics Core  
  20  1:28  Zealot (Chrono Boost)  
  22  1:46  Nexus  
  22  1:52  Pylon  
  22  1:58  Assimilator  
  23  2:08  Stalker (Chrono Boost)  
  22  2:12  Shield Battery  
  24  2:15  Warp Gate  
  24  2:19  Probe  
  25  2:32  Stalker (Chrono Boost)  
  27  2:41  Probe  
  27  2:53  Probe  
  28  3:00  Stalker (Chrono Boost)  
  28  3:02  Probe  
  28  3:05  Probe  
  32  3:14  Probe (Chrono Boost)  
  32  3:19  Probe (Chrono Boost)  
  34  3:23  Twilight Council  
  34  3:26  Probe (Chrono Boost)  
  35  3:34  Robotics Facility, Probe (Chrono Boost)  
  36  3:35  Probe (Chrono Boost)  
  36  3:41  Probe x2  
  37  3:53  Probe  
  37  3:55  Blink (Chrono Boost)  
  36  4:00  Probe  
  37  4:04  Gateway  
  37  4:07  Gateway  
  37  4:09  Probe  
  38  4:11  Stalker  
  38  4:13  Probe  
  38  4:14  Gateway  
  41  4:21  Observer (Chrono Boost), Probe  
  41  4:22  Pylon  
  43  4:26  Shield Battery  
  44  4:33  Probe  
  44  4:36  Stalker  
  46  4:39  Pylon  
  46  4:40  Probe  
  43  4:45  Probe  
  43  4:52  Probe  
  44  4:57  Probe  
  43  5:02  Stalker  
  43  5:04  Stalker  
  48  5:22  Probe  
  48  5:25  Probe  
  50  5:34  Observer (Chrono Boost), Probe  
  49  5:38  Probe  
  49  5:41  Nexus  
  51  5:44  Charge (Chrono Boost)  
  51  5:46  Probe  
  51  5:48  Pylon  
  52  5:50  Probe  
  52  5:56  Pylon  
  53  5:59  Probe  
  53  6:00  Observer (Chrono Boost)  
  53  6:02  Probe  
  53  6:03  Gateway  
  56  6:06  Gateway  
  56  6:18  Warp Prism (Chrono Boost), Gateway  
  56  6:20  Gateway  
  56  6:22  Probe x2  
  60  6:26  Stalker  
  62  6:36  Probe x2  
  62  6:38  Pylon x2  
  62  6:39  Stalker  
  66  6:43  Stalker  
  66  6:44  Observer  
  68  6:48  Shield Battery, Probe  
  68  6:52  Stalker  
  71  6:56  Stalker  
  71  6:59  Probe  
  71  7:01  Pylon, Probe  
  74  7:05  Probe  
  75  7:10  Zealot x2  
  75  7:12  Probe  
  75  7:14  Probe  
  81  7:17  Probe  
  81  7:21  Zealot x2  
  86  7:24  Probe (Chrono Boost)  
  86  7:26  Probe (Chrono Boost)  
  89  7:30  Probe (Chrono Boost), Templar Archives  
  89  7:35  Assimilator  
  89  7:36  Probe (Chrono Boost)  
  91  7:37  Assimilator, Probe (Chrono Boost)  
  91  7:39  Probe (Chrono Boost)  
  91  7:41  Probe (Chrono Boost)  
  87  7:48  Zealot x4  
  95  7:53  Psionic Storm  
  95  7:55  Zealot x3  
  95  7:56  Zealot  
  100  8:14  Zealot x3  
  100  8:15  Zealot x3  
  100  8:19  Probe x3  
  115  8:22  Pylon  
  115  8:30  High Templar  
  111  8:41  High Templar  
  111  8:43  Zealot x6  
  111  8:46  Pylon  
  111  8:47  Pylon  
  125  8:52  Assimilator  
  125  8:54  Pylon  
  125  8:56  Assimilator  
  125  8:57  Warp Prism (Chrono Boost)  
  125  8:58  Probe x2  
  117  9:14  High Templar x2, Zealot  
  117  9:15  Zealot x4  
  131  9:22  Archon  
  129  9:29  Archon  
  129  9:30  Immortal (Chrono Boost)  
  121  9:34  Forge  
  121  9:36  Forge  
  121  9:38  Probe  
  126  9:40  Pylon  
  126  9:42  Sentry  
  128  9:45  High Templar x2  
  132  10:02  High Templar, Pylon, Protoss Ground Weapons Level 1 (Chrono Boost)  
  132  10:06  Pylon  
  130  10:14  High Templar, Protoss Ground Armor Level 1 (Chrono Boost)  
  130  10:18  Zealot x6  
  130  10:20  Nexus, Immortal  
  144  10:22  Pylon  
  148  10:29  Probe x3  
  151  10:41  Probe x3  
  154  10:44  Robotics Bay  
  154  10:47  Robotics Facility  
  154  10:51  Zealot  
  154  10:53  Probe  
  154  10:55  Zealot  
  159  10:59  Observer, Immortal (Chrono Boost)  
  159  11:02  Pylon  
  167  11:35  Disruptor x2 (Chrono Boost)  
  167  11:36  Gateway  
  167  11:38  Gateway  
  166  11:40  Gravitic Drive (Chrono Boost)  
  166  11:43  Assimilator, Dark Shrine  
  166  11:45  Assimilator  
  166  11:46  Pylon  
  166  11:48  Photon Cannon  
  166  11:50  Shield Battery  
  164  12:03  Disruptor  
  164  12:04  Disruptor  
  164  12:05  Protoss Ground Weapons Level 2 (Chrono Boost)  
  170  12:11  Photon Cannon  
  170  12:32  Archon, Nexus  
  170  12:34  Pylon  
  170  12:36  Zealot x4  
  170  12:37  Zealot x4  
  180  12:38  Disruptor (Chrono Boost)  
  180  12:39  Disruptor (Chrono Boost)  
  180  12:56  Zealot x6  
  180  12:57  Zealot, Protoss Ground Armor Level 2 (Chrono Boost)  
  183  13:05  Disruptor (Chrono Boost)  
  183  13:06  Disruptor (Chrono Boost)  
  183  13:10  Zealot x3  
  172  13:21  Nexus  
  172  13:23  Shadow Stride (Chrono Boost), Pylon  
  170  13:30  Gravitic Boosters  
  170  13:38  Dark Templar x6  
  170  13:40  Colossus  
  180  13:44  Shield Battery  
  180  13:56  Zealot x4  
  184  14:10  Zealot x5  
  184  14:11  Zealot  
  184  14:25  Stalker x3, Shield Battery  
  184  14:26  Stalker, Photon Cannon  
  180  14:34  Zealot x3  
  174  14:46  High Templar x3  
  174  14:48  High Templar  
  174  14:52  Archon  
  178  14:53  Archon  
  174  15:02  Zealot x6  
  186  15:10  Colossus  
  192  15:14  Colossus  
  190  15:26  Probe x3  
  190  15:27  Probe  
  188  15:33  Stalker x2  
  188  15:34  Stalker x2  
  180  15:44  Probe x2  
  180  15:45  Probe x3  
  180  15:47  Pylon  
  185  15:56  Templar Archives  
  169  16:10  Pylon  
  160  16:18  Zealot x5  
  168  16:19  Zealot  
Tags
 
Add a new tag
Caveats
  • Supply blocks, unpowered buildings, or Contaminate may cause inaccurate times.
  • Supply counts are checked every 10 seconds.